 Dungeon Crawl Stone Soup version 0.14-a0-426-gb52781e (webtiles) character file.

1031 PolkaDot the Jinx (level 7, -2/46 HPs)
             Began as a Vampire Enchanter on Oct 28, 2013.
             Slain by a centaur (6 damage)
             ... on Level 5 of the Dungeon.
             The game lasted 00:16:48 (4928 turns).

PolkaDot the Jinx (Vampire Enchanter)               Turns: 4928, Time: 00:16:49

HP  -2/46        AC  6     Str  7      XL: 7   Next: 58%
MP  15/15        EV 12     Int 18      God:
Gold 233         SH  0     Dex 15      Spells:  4 memorised,  2 levels left

Res.Fire  : x . .   See Invis. : +   a - +1,+2 dagger
Res.Cold  : + + .   Warding    : .   b - +1 robe
Life Prot.: + + .   Conserve   : .   (no shield)
Res.Poison: +       Res.Corr.  : .   v - +0 wizard hat
Res.Elec. : .       Clarity    : .   z - +1 cloak
Sust.Abil.: + .     Spirit.Shd : .   r - +0 pair of dwarf gauntlets
Res.Mut.  : .       Stasis     : .   (no boots)
Res.Rott. : +       Flight     : .   (no amulet)
Saprovore : . . .                    s - ring of ice
                                     e - ring of sustain abilities

@: regenerating slowly, slightly resistant to hostile enchantments, very
stealthy
A: bottle blood, fangs 3, see invisible, unbreathing
a: Bat Form, Bottle Blood


You were on level 5 of the Dungeon.
You were very thirsty.

You visited 1 branch of the dungeon, and saw 5 of its levels.

You collected 213 gold pieces.

Inventory:

Hand weapons
 a - a +1,+2 dagger (weapon)
Missiles
 d - 11 darts (quivered)
Armour
 b - a +1 robe (worn)
 r - a +0 pair of dwarven gauntlets (worn)
 v - a +0 wizard hat (worn)
 z - a +1 cloak (worn)
Magical devices
 o - a wand of digging (15)
 t - a wand of teleportation (2) {unknown}
 u - a wand of polymorph (18) {unknown}
Scrolls
 f - 2 scrolls of identify
 g - 2 scrolls of amnesia
 k - a scroll of teleportation
 l - 3 scrolls of remove curse
 n - 3 scrolls of fear
Jewellery
 e - a ring of sustain abilities (left hand)
 s - a ring of ice (right hand)
Potions
 i - 4 potions of curing
 j - a potion of restore abilities
 p - a potion of invisibility
 A - 2 potions of resistance
Books
 c - a book of Maledictions

   Spells                             Type                      Level
   *Corona                            Hexes                        1
   Sure Blade                         Hexes/Charms                 2
   *Ensorcelled Hibernation           Hexes/Ice                    2
   *Confuse                           Hexes                        3
   *Enslavement                       Hexes                        4
   Invisibility                       Hexes                        6
 y - a book of the Warp

   Spells                             Type                      Level
   Recall                             Summoning/Translocation      3
   Control Teleport                   Charms/Translocation         4
   Phase Shift                        Translocation                5
   Warp Weapon                        Charms/Translocation         5
   Dispersal                          Translocation                6
   Controlled Blink                   Translocation                7
   Disjunction                        Translocation                8


   Skills:
 - Level 3.6 Short Blades
 - Level 0.7 Throwing
 - Level 2.1 Dodging
 + Level 7.2 Stealth
 + Level 3.1 Spellcasting
 * Level 9.2 Hexes


You had 2 spell levels left.
You knew the following spells:

 Your Spells              Type           Power        Failure   Level  Hunger
a - Corona                Hex            #####..      1%          1    None
c - Confuse               Hex            #####...     1%          3    ###....
d - Ensorcelled Hibernat  Hex/Ice        ####..       4%          2    ##.....
e - Enslavement           Hex            #####...     3%          4    ####...


Dungeon Overview and Level Annotations

Branches:
Dungeon (5/27)
 Temple: D:4-7

Altars:
Elyvilon
Kikubaaqudgha
Nemelex Xobeh


Innate Abilities, Weirdness & Mutations

You heal slowly.
You can bottle blood from corpses.
You have razor-sharp teeth.*
You have supernaturally acute eyesight.
You can survive without breathing.*


Message History

There is an escape hatch in the ceiling here.
A centaur comes into view.
Found a stone staircase leading down.
Okay, then.
You are too injured to fight recklessly!
The centaur shouts!
The centaur hits you.
* * * LOW HITPOINT WARNING * * *
The centaur hits you.
* * * LOW HITPOINT WARNING * * *
There is a stone staircase leading down here.
Casting: Confuse
Confirm with . or Enter, or press ? or * to list all spells.
Aiming: Ensorcelled Hibernation
Press: ? - help, Shift-Dir - straight line, f - centaur
Aim: a centaur
Okay, then.
Drink which item? (? for menu, Esc to quit)
You feel better. The centaur hits you.
You die...

. #. #. #. .
#. ..# #. ..#
#. ..
#.######..
#c@....#.#
######.#.#
#.#.# #...#
#.### #.#
#######.#####
#)..........#
#.#####.##..#


You could see a centaur.

Vanquished Creatures
  Grinder (D:3)
  An ogre (D:4)
  A phantom (D:4)
  Sigmund (D:4)
  A giant frog skeleton (D:4)
  Crazy Yiuf (D:4)
  An orc wizard (D:3)
  A worker ant (D:4)
  Jessica (D:2)
  A hound skeleton (D:4)
  Terence (D:2)
  3 gnolls (D:2)
  3 adders
  2 giant mites (D:4)
  3 worms
  3 giant geckos
  2 oozes (D:2)
  5 orcs
  A bat zombie (D:4)
  11 hobgoblins
  8 jackals
  7 kobolds
  4 quokkas
  2 ball pythons
  13 bats
  4 giant newts
  14 goblins
  A kobold skeleton (D:4)
  10 rats
107 creatures vanquished.

Notes
Turn   | Place    | Note
--------------------------------------------------------------
     0 | D:1      | PolkaDot, the Vampire Enchanter, began the quest for the Orb.
     0 | D:1      | Reached XP level 1. HP: 13/13 MP: 4/4
   411 | D:1      | Reached XP level 2. HP: 14/19 MP: 5/5
  1123 | D:1      | Reached skill level 5 in Hexes
  1123 | D:1      | Reached XP level 3. HP: 24/24 MP: 6/6
  1250 | D:1      | Learned a level 3 spell: Confuse
  1756 | D:2      | Noticed Jessica
  1784 | D:2      | Killed Jessica
  2039 | D:2      | Reached XP level 4. HP: 17/30 MP: 4/8
  2465 | D:2      | Noticed Terence
  2468 | D:2      | Killed Terence
  3055 | D:3      | Found an ancient bone altar of Kikubaaqudgha.
  3098 | D:3      | Reached XP level 5. HP: 24/35 MP: 9/9
  3230 | D:3      | Learned a level 2 spell: Ensorcelled Hibernation
  3335 | D:3      | Found a sparkling altar of Nemelex Xobeh.
  3335 | D:3      | Found a white marble altar of Elyvilon.
  3538 | D:3      | Reached skill level 5 in Stealth
  3538 | D:3      | Reached skill level 6 in Hexes
  3672 | D:3      | Noticed Grinder
  3689 | D:3      | Killed Grinder
  3689 | D:3      | Reached skill level 7 in Hexes
  3689 | D:3      | Reached XP level 6. HP: 29/41 MP: 1/12
  3958 | D:4      | Noticed Sigmund
  3963 | D:4      | Killed Sigmund
  4018 | D:4      | Reached skill level 8 in Hexes
  4050 | D:4      | Reached XP level 7. HP: 43/46 MP: 9/14
  4080 | D:4      | Noticed Crazy Yiuf
  4088 | D:4      | Killed Crazy Yiuf
  4477 | D:4      | Learned a level 4 spell: Enslavement
  4713 | D:4      | Reached skill level 9 in Hexes
  4881 | D:5      | Entered Level 5 of the Dungeon
  4927 | D:5      | HP: 2/46 [centaur (4)]
  4928 | D:5      | Slain by a centaur

Action                   |  1- 3 |  4- 6 |  7- 9 || total
-------------------------+-------+-------+-------++-------
Melee: Dagger            |   149 |   167 |    85 ||   401
Throw: Dart              |     3 |       |       ||     3
 Cast: Confuse           |     2 |    13 |     8 ||    23
       Corona            |     1 |     3 |       ||     4
       Ensorcelled Hiber |       |     9 |    16 ||    25
  Use: Potion            |     1 |     3 |     5 ||     9
       Scroll            |       |       |    15 ||    15
 Stab: Sleeping          |     8 |    12 |    12 ||    32
       Confused          |     2 |     6 |     2 ||    10
